 Dungeon Crawl Stone Soup version 0.30-a0-578-gdee14c521f (webtiles) character file.

Game seed: 4781663092286964384

2793 wormed the Covert (level 10, -4/63 HPs)
             Began as a Kobold Delver on Jan 1, 2023.
             Was a Follower of Uskayaw.
             Succumbed to a gnoll bouda's poison
             ... in a bailey.
             The game lasted 00:10:38 (7176 turns).

wormed the Covert (Kobold Delver)                   Turns: 7176, Time: 00:10:39

Health: -4/63      AC:  5    Str: 10    XL:     10   Next: 2%
Magic:  10/10      EV: 19    Int: 12    God:    Uskayaw [*.....]
Gold:   207        SH:  0    Dex: 20    Spells: 9/9 levels left

rFire   . . .      SeeInvis .    d - +3 short sword (venom)
rCold   . . .      Faith    .    (no shield)
rNeg    . . .      Spirit   .    b - +0 leather armour
rPois   .          Reflect  .    (no helmet)
rElec   .          Harm     .    (no cloak)
rCorr   .          Rampage  .    v - +0 pair of gloves
Will    .....                    t - +0 pair of boots
Stlth   ++++++                   (no amulet)
HPRegen 0.30/turn                (no ring)
MPRegen 0.12/turn                (no ring)

@: lethally poisoned (-4 -> -31)
A: small, no large weapons, nightstalker 3
a: Renounce Religion, Stomp


You were in a bailey.
You worshipped Uskayaw.
Uskayaw was noncommittal.
You visited 2 branches of the dungeon, and saw 8 of its levels.
You also visited: Bailey.

You collected 267 gold pieces.
You spent 60 gold pieces at shops.

Inventory:

Hand Weapons
 a - a +0 short sword
 d - a +3 short sword of venom (weapon)
Missiles
 u - 9 poisoned darts (quivered)
 w - 4 throwing nets
Armour
 b - a +0 leather armour (worn)
 t - a +0 pair of boots (worn)
 v - a +0 pair of gloves (worn)
Wands
 g - a wand of digging (10)
Scrolls
 c - 3 scrolls of fog
 h - a scroll of amnesia
 i - 5 scrolls of teleportation
 k - 2 scrolls of vulnerability
 n - a scroll of poison
 p - a scroll of silence
 q - 2 scrolls of torment
 r - 3 scrolls of enchant armour
Potions
 f - 2 potions of haste
 j - a potion of flight
 l - 5 potions of curing
 o - a potion of ambrosia
 x - a potion of resistance
 z - a potion of brilliance


   Skills:
 + Level 7.6 Fighting
 - Level 10.0 Short Blades
 + Level 7.7 Dodging
 + Level 11.1 Stealth


You had 9 spell levels left.
You didn't know any spells.
Your spell library contained the following spells:

 Spells                   Type           Power      Damage    Failure   Level
 Magic Dart               Conj           0%         1d3       41%         1
 Sting                    Tmut/Pois      0%         1d3       41%         1
 Call Imp                 Summ           0%         N/A       56%         2
 Poisonous Vapours        Pois/Air       0%         N/A       56%         2
 Mephitic Cloud           Conj/Pois/Air  0%         N/A       80%         3
 Olgreb's Toxic Radiance  Pois           0%         N/A       99%         4


Dungeon Overview and Level Annotations

Branches:
Dungeon (7/15)             Temple (1/1) D:4          Bailey (1/1)

Altars:
Ashenzari
Cheibriados
Dithmenos
Elyvilon
Fedhas
Gozag
Hepliaklqana
Makhleb
Nemelex Xobeh
Okawaru
Qazlal
Ru
Sif Muna
Trog
Uskayaw
Vehumet
Wu Jian
Xom
Yredelemnul
Zin
The Shining One

Shops:
D:2 *   D:3 =


Innate Abilities, Weirdness & Mutations

You are small and have problems with some larger weapons.
You are completely attuned to the shadows.


Message History

You hit the gnoll sergeant but do no damage.
The gnoll sergeant is poisoned.
The gnoll sergeant closely misses you.
The gnoll bouda barks out a call to the hunt!
The gnolls pick up the pace!
You hit the gnoll sergeant but do no damage.
The gnoll sergeant looks as sick as possible!
A wolf comes into view.
You hit the gnoll sergeant but do no damage.
The gnoll sergeant looks as sick as possible!
The gnoll sergeant is lightly wounded.
The gnoll sergeant hits you with a +0 glaive!
The gnoll bouda misses you.
You hit the gnoll sergeant but do no damage.
The gnoll sergeant looks as sick as possible!
You punch the gnoll sergeant, but do no damage.
The gnoll sergeant is lightly wounded.
You hit the gnoll sergeant.
The gnoll sergeant looks as sick as possible!
The gnoll sergeant is lightly wounded.
The gnoll bouda completely misses you.
The gnoll sergeant hits you with a +0 glaive!
You are too injured to fight recklessly!
The gnoll sergeant attacks as you move away!
The gnoll sergeant hits you with a +0 glaive!
The gnoll sergeant closely misses you.
The gnoll bouda barks out a call to the hunt!
The gnoll bouda picks up the pace!
Your attacks no longer feel as feeble.
There is an open gate, spattered with blood here.
Items here: )) [[.
Things that are here:
a +0 spear; a +0 ring mail The gnoll sergeant barely misses you.
You kill the gnoll sergeant!
You have reached level 10!
You feel stronger.
The gnoll bouda hits you from afar with a +1 glaive of venom!!
* * * LOW HITPOINT WARNING * * *
You are lethally poisoned!
You die...

#...≈≈♣♣ ###..≈.♣
#..≈.♣♣ #..≈..♣♣ #####
#..≈...♣ ##...##
#..≈...♣
#.....######..≈...♣♣
.......#...')...)..♣♣♣#
..)8.gg'..)'gg..@))).∩#
....)..#)..))...†..♣♣♣#
#....†######..≈...♣♣
##.).## #(.≈..♣♣ .#####
#..≈..♣ g. #..≈))♣ ..
#..≈†♣♣ ###..≈.♣
#...≈≈♣♣


You could see 2 gnoll boudas.

Vanquished Creatures
  Maggie (D:7)
  A black bear (D:6)
  7 wolves (Bailey)
  2 ogres
  A centaur (D:4)
  4 bullfrogs
  2 scorpions
  5 gnoll sergeants (Bailey)
  A howler monkey (D:4)
  4 hounds
  An orc priest (D:6)
  2 jellies (D:6)
  An iron imp (D:4)
  5 gnoll boudas (Bailey)
  2 iguanas (D:6)
  Terence (D:2)
  4 orc wizards
  14 gnolls
  7 adders
  3 worms
  2 dart slugs
  23 orcs
  4 bats
  8 endoplasms
  5 giant cockroaches
  11 goblins
  6 hobgoblins
  2 jackals (D:5)
  7 kobolds
  9 quokkas
  10 ball pythons
  4 frilled lizards
  A rat (D:3)
160 creatures vanquished.

Notes
Turn   | Place    | Note
-------+----------+-------------------------------------------
     0 | D:5      | wormed the Kobold Delver began the quest for the Orb.
     0 | D:5      | Reached XP level 1. HP: 14/14 MP: 1/1
    62 | D:4      | Noticed a hound
    66 | D:4      | Killed a hound
    67 | D:4      | Reached XP level 2. HP: 19/19 MP: 2/2
    67 | D:4      | Reached XP level 3. HP: 23/23 MP: 3/3
    71 | D:4      | Noticed an ogre
    74 | D:4      | Found a staircase to the Ecumenical Temple.
    76 | D:4      | Killed an ogre
    77 | D:4      | Reached skill level 7 in Stealth
    77 | D:4      | Reached XP level 4. HP: 26/29 MP: 4/4
    77 | D:4      | Reached XP level 5. HP: 30/33 MP: 5/5
    91 | Temple   | Entered the Ecumenical Temple
   350 | Temple   | Became a worshipper of Uskayaw the Reveller
   400 | D:4      | Reached * piety under Uskayaw
   610 | D:2      | Found an opulent altar of Gozag.
   629 | D:2      | Noticed Terence
   633 | D:2      | Killed Terence
   634 | D:2      | Reached skill level 5 in Short Blades
  1103 | D:1      | Reached XP level 6. HP: 38/38 MP: 6/6
  1757 | D:2      | Found Xawoeryi's Assorted Antiques.
  1762 | D:2      | Bought 3 scrolls labelled YLAUTT GYUGY for 60 gold pieces
  1845 | D:2      | Reached ** piety under Uskayaw
  2429 | D:3      | Found Rotreapt's Jewellery Boutique.
  2460 | D:3      | Identified the +7 mace of Crusades {flame, rF++ rN+ Int+2}
  2497 | D:3      | Found a shimmering altar of Xom.
  3583 | D:4      | Reached XP level 7. HP: 44/44 MP: 7/7
  3872 | D:4      | Found a snail-covered altar of Cheibriados.
  3877 | D:4      | Reached skill level 8 in Stealth
  3931 | D:4      | Found a shimmering blue altar of Sif Muna.
  4051 | D:4      | Reached *** piety under Uskayaw
  4464 | D:4      | Reached skill level 5 in Fighting
  5302 | D:6      | Reached XP level 8. HP: 39/49 MP: 8/8
  5592 | D:6      | Reached skill level 5 in Dodging
  5607 | D:6      | Reached **** piety under Uskayaw
  5799 | D:6      | Reached skill level 9 in Stealth
  6021 | D:7      | Noticed Maggie
  6062 | D:7      | Killed Maggie
  6063 | D:7      | Reached XP level 9. HP: 31/55 MP: 6/9
  6402 | D:7      | Found a flagged portal.
  6513 | Bailey   | Entered a bailey
  6758 | Bailey   | Reached skill level 10 in Stealth
  6770 | Bailey   | Reached skill level 10 in Short Blades
  7049 | Bailey   | Identified the +2 leather armour of Awici {rF+ Will- Int+4}
  7154 | Bailey   | Reached skill level 11 in Stealth
  7175 | Bailey   | Reached XP level 10. HP: 22/63 MP: 10/10
  7175 | Bailey   | HP: 3/63 [gnoll bouda/+1 glaive of venom (19)]
  7176 | Bailey   | Succumbed to a gnoll bouda's poison

Illustrated notes

Levels and vault maps discovered:
D:1:      psy_arrival_spokes, layout_loops_ring, nicolae_figureground_sparkle
D:2:      layout_loops_cross, serial_shops, shop, basic_altar,
          minmay_tiny_reverse_x, uniq_terence
D:3:      layout_basic, xom_teletrap_fun, serial_shops, nicolae_lakefront_shop
D:4:      layout_loops_cross, slow_altar_1, led_sif_pool,
          minmay_temple_entry_ruins
D:5:      layout_cave_pools, serial_rivers, chequers_serial_rivers_room_a,
          chequers_serial_rivers_marsh, chequers_serial_rivers_room_a,
          chequers_serial_rivers_small_3, chequers_serial_rivers_room_b,
          chequers_serial_rivers_large_b
D:6:      layout_loops_ring
D:7:      layout_loops_ring, enter_bailey_6, uniq_maggie, uniq_joseph,
          uniq_crazy_yiuf_cottage
Temple:   eino_narrow_crystal_temple
Bailey:   bailey_polearm_gnolls_kennysheep, bailey

Skill      XL: |  1  2  3  4  5  6  7  8  9 |
---------------+----------------------------+-----
Short Blades   | 3 4 5 6 7 9 10 | 10.0
Fighting       | 4 5 6 7 |  7.6
Dodging        | 3 4 6 7 |  7.7
Stealth        | 7 8 9 11 | 11.1

Action                   |  1- 3 |  4- 6 |  7- 9 | 10-12 || total
-------------------------+-------+-------+-------+-------++-------
Melee: Short sword       |     5 |   151 |   284 |       ||   440
       Punch             |       |       |     4 |       ||     4
Throw: Dart              |       |       |     5 |       ||     5
Invok: Stomp             |       |     1 |     2 |       ||     3
       Line Pass         |       |       |     3 |       ||     3
  Use: Scroll            |     1 |     2 |    18 |       ||    21
       Potion            |       |       |     5 |       ||     5
 Stab: Sleeping          |     4 |    33 |    25 |       ||    62
       Distracted        |       |     2 |     4 |       ||     6
       Paralysed         |       |       |     5 |       ||     5
       Confused          |       |       |     2 |       ||     2
Armor: Leather armour    |       |    17 |    24 |       ||    41
Dodge: Dodged            |     4 |    61 |   182 |       ||   247

Table legend: (Time is in decaauts)
 A = Elapsed time spent in this place.
 B = Non-inter-level travel time spent in this place.
 C = Inter-level travel time spent in this place.
 D = Time resting spent in this place.
 E = Time spent auto-exploring this place.
 F = Levels seen in this place.
 G = Mean time per level.
                   A        B        C        D        E       F      G
               +--------+--------+--------+--------+--------+-----+--------+
         Total |   7007 |   6796 |    211 |    269 |   5330 |   9 |  778.6 |
       Dungeon |   6166 |   5976 |    190 |     96 |   4943 |   7 |  880.9 |
        Temple |    265 |    244 |     21 |      0 |    230 |   1 |  265.0 |
        Bailey |    574 |    574 |      0 |    173 |    157 |   1 |  574.0 |
               +--------+--------+--------+--------+--------+-----+--------+

Top non-repeatable levels by time:
     D:3: 1183 daAuts
     D:5: 989 daAuts
     D:4: 950 daAuts
     D:2: 945 daAuts
     D:6: 847 daAuts
     D:1: 727 daAuts
  Bailey: 574 daAuts
     D:7: 523 daAuts
  Temple: 265 daAuts
